Map: Dusk Towers

Players

blackxored - Winner!

  • Race: Zerg Zerg
  • League: Diamond

AlphaZen

  • Race: Terran Terran
  • League: Platinum

VOD

Have the link to the VOD?

Description

Time

  • Played on: July 3, 2016, 2:53 p.m.
  • Length: 6:15
Show
View Real Time Build Order
Export as new Build Order

blackxored Zerg - Winner!

Build Orders: Hatch First, Zergling Baneling 

Get SALT Encoding   

  12  0:01  Drone  
  13  0:08  Drone  
  14  0:18  Overlord  
  14  0:22  Extractor  
  14  0:23  Drone  
  15  0:38  Drone x2  
  17  0:52  Hatchery  
  17  0:55  Drone  
  17  0:59  Drone  
  18  1:10  Extractor  
  17  1:13  Spawning Pool  
  17  1:16  Drone  
  17  1:19  Drone  
  18  1:27  Drone  
  19  1:38  Overlord  
  19  1:49  Drone  
  20  2:00  Zergling x2  
  21  2:04  Zergling x2, Queen  
  24  2:08  Queen  
  24  2:11  Zergling x2  
  24  2:13  Metabolic Boost  
  27  2:20  Drone  
  27  2:22  Drone  
  29  2:34  Drone x2  
  31  2:45  Hatchery  
  31  2:50  Pneumatized Carapace  
  30  2:52  Drone x3  
  33  3:11  Drone  
  33  3:12  Baneling Nest  
  33  3:13  Drone x3  
  33  3:15  Overlord  
  33  3:17  Overlord  
  35  3:33  Queen  
  37  3:47  Zergling x16  
  45  3:52  Drone  
  45  3:54  Drone  
  47  4:04  Zergling x2  
  47  4:05  Zergling x6  
  51  4:12  Queen  
  53  4:24  Drone  
  53  4:25  Spore Crawler  
  53  4:27  Zergling x8  
  53  4:29  Baneling x2  
  53  4:30  Baneling  
  57  4:32  Baneling x2  
  57  4:34  Baneling x2  
  57  4:36  Baneling x2  
  57  4:48  Drone  
  58  4:56  Overlord x2  
  58  5:04  Overlord  
  57  5:14  Queen x2  
  55  5:26  Zergling x20  
  64  5:31  Zergling x4  
  64  5:35  Zergling x2  
  66  5:36  Zergling x2  
  66  5:42  Zergling x6  
  66  5:48  Baneling  
  66  5:49  Baneling x4  
  68  5:50  Baneling  
  68  5:51  Baneling  
  68  5:54  Zergling x2  
  56  6:14  Hatchery  
Show
View Real Time Build Order
Export as new Build Order

AlphaZen Terran 

Build Orders:  

Get SALT Encoding   

  12  0:01  SCV  
  13  0:13  SCV  
  14  0:19  Supply Depot  
  14  0:25  SCV  
  15  0:40  SCV  
  15  0:41  Barracks  
  16  0:52  SCV  
  16  0:54  Barracks  
  17  1:04  SCV  
  18  1:12  Barracks  
  18  1:17  SCV  
  19  1:28  Supply Depot  
  20  1:34  Orbital Command  
  20  1:38  Marine  
  20  1:43  Refinery  
  20  1:49  Refinery  
  20  1:51  Marine  
  22  2:01  SCV  
  22  2:04  Marine  
  22  2:05  Marine  
  24  2:15  Barracks Tech Lab  
  24  2:17  SCV  
  24  2:20  Supply Depot  
  25  2:25  Barracks Reactor  
  25  2:26  Marine  
  26  2:30  SCV  
  26  2:36  Marine  
  28  2:43  Factory  
  28  2:45  Marine  
  29  2:54  Marine  
  29  2:57  SCV  
  31  3:01  Supply Depot  
  31  3:02  Marine  
  31  3:03  Marine  
  31  3:04  Stimpack  
  33  3:13  Marine x2  
  35  3:20  Marine  
  35  3:27  Supply Depot  
  36  3:31  Starport  
  36  3:35  Factory Reactor  
  36  3:41  Marine  
  36  3:42  Marine x2  
  39  3:54  Marine  
  40  4:03  Supply Depot  
  40  4:15  Marine  
  40  4:16  Marine x3  
  44  4:19  Medivac x2  
  48  4:27  Supply Depot  
  48  4:33  Marine x2  
  48  4:34  Marine x2  
  52  4:48  Supply Depot  
  52  4:49  Medivac x2  
  56  4:56  Marine x3  
  56  4:57  Marine  
  60  5:14  Marine x3  
  60  5:15  Marine  
  50  5:32  Marine x3  
  42  5:43  Marine  
  42  5:49  Marine  
  43  5:50  Marine  
Tags
 
Add a new tag
Caveats
  • Supply blocks, unpowered buildings, or Contaminate may cause inaccurate times.
  • Supply counts are checked every 10 seconds.